Workbook

Sheet UNSPSC
A1: CÓDIGO UNSPSC | B1: DENOMINACIÓN
A2: 23181803 | B2: Máquinas para hacer hielo
A3: 40161701 | B3: Centrífugas
A4: 41101500 | B4: Equipo y suministros para la mezcla, la dispersión y la homogeneización en laboratorio
A5: 41102400 | B5: Equipo de calefacción y secadores para laboratorio
A6: 41102404 | B6: Calentadores de laboratorio
A7: 41102421 | B7: Cámaras de reciclaje de temperatura o recicladores térmicos
A8: 41102600 | B8: Equipo y accesorios para laboratorio animal
A9: 41103000 | B9: Equipo de enfriamiento para laboratorio
A10: 41103003 | B10: Criostatos
A11: 41103010 | B11: Refrigeradores para bancos de sangre
A12: 41103021 | B12: Congeladores planos para laboratorio
A13: 41103500 | B13: Recintos cerrados de laboratorio y accesorios
A14: 41103702 | B14: Baños termostáticos
A15: 41103800 | B15: Equipo y suministros para la mezcla y la agitación por sacudida o varillas en laboratorio
A16: 41103806 | B16: Agitador magnético
A17: 41103900 | B17: Centrifugadoras de laboratorio y accesorios
A18: 41103900 | B18: Centrifugadoras de laboratorio y accesorios
A19: 41104200 | B19: Equipos y suministros de purificación de agua para laboratorio
A20: 41104401 | B20: Incubadoras para uso general de convección de gravedad
A21: 41104402 | B21: Incubadoras de uso general de aire forzado o convección mecánica
A22: 41104423 | B22: Incubadoras refrigeradas
A23: 41104500 | B23: Estufas de laboratorio y accesorios
A24: 41104806 | B24: Equipo de extracción para laboratorios
A25: 41105100 | B25: Bombas y conductos de laboratorio
A26: 41105101 | B26: Bombas de vacío para laboratorio
A27: 41105102 | B27: Bombas peristálticas
... A49: 70122008 | B49: Tecnología para laboratorio veterinario

Sheet OFERTA ECONOMICA
B2: 1750905 | E2: OFERTAS
B3: Grps. | C3: Valor oficial | D3: SMLMV | E3: UNION TEMPORAL ARCADIA | F3: INSTRUMENTACION Y METROLOGIA S,A,S | G3: CREACIONES Y SUMINISTROS SAS | H3: LABORATORIOS DE METROLOGIA SIGMA SAS | I3: CONAMET S.A.S | J3: SET Y GAD SAS.
B4: 1 | C4: 592000000 | D4: =C4/$B$2 -> 338.11086 | E4: 496594550 | F4: 426451421 | G4: 500024910 | H4: 550501828 | I4: 527615316 | J4: 473143000
B6: VERIFICACIÓN CUMPLIMIENTO VALORES TECHO
B7: No. | C7: EQUIPO | D7: U. de medida / Servicio | E7: Precio Unitario incluido IVA | F7: UNION TEMPORAL ARCADIA | G7: INSTRUMENTACION Y METROLOGIA S,A,S | H7: CREACIONES Y SUMINISTROS SAS | I7: LABORATORIOS DE METROLOGIA SIGMA SAS | J7: CONAMET S.A.S | K7: SET Y GAD SAS.
B8: 1 | C8: BURETA DIGITAL | D8: MP+VF | E8: 260693 | F8: 218200 | G8: 175525 | H8: 220150 | I8: 206584 | J8: 232016 | K8: 208000
B9: 2 | D9: CB | E9: 302441 | F9: 253143 | G9: 213010 | H9: 255850 | I9: 300000 | J9: 269172 | K9: 241000
B10: 3 | C10: DISPENSADOR | D10: MP+VF | E10: 253359 | F10: 212061 | G10: 175525 | H10: 213010 | I10: 206584 | J10: 225489 | K10: 202000
B11: 4 | D11: CB | E11: 295106 | F11: 247004 | G11: 213010 | H11: 249900 | I11: 280000 | J11: 262644 | K11: 236000
B12: 5 | C12: DISPENSADOR MULTIPLE | D12: MP+VF | E12: 288248 | F12: 241264 | G12: 175525 | H12: 245140 | I12: 206584 | J12: 256540 | K12: 230000
B13: 6 | D13: CB | E13: 353795 | F13: 296126 | G13: 213010 | H13: 299880 | I13: 343000 | J13: 314877 | K13: 283000
B14: 7 | C14: PIPETA MONOCANAL | D14: MP+VF | E14: 253771 | F14: 212406 | G14: 175525 | H14: 213010 | I14: 220584 | J14: 225856 | K14: 203000
B15: 8 | D15: CB | E15: 295519 | F15: 247349 | G15: 213010 | H15: 249900 | I15: 285000 | J15: 263011 | K15: 236000
B16: 9 | C16: PIPETA MULTICANAL (8 canales) | D16: MP+VF | E16: 419425 | F16: 351059 | G16: 299285 | H16: 355810 | I16: 393208 | J16: 373288 | K16: 335000
B17: 10 | D17: CB | E17: 1015696 | F17: 850138 | G17: 650930 | H17: 861560 | I17: 1000000 | J17: 903969 | K17: 812000
B18: 11 | C18: PIPETA MULTICANAL (12 canales) | D18: MP+VF | E18: 620492 | F18: 519352 | G18: 406385 | H18: 527170 | I18: 593208 | J18: 552237 | K18: 496000
B19: 12 | D19: CB | E19: 1038511 | F19: 869234 | G19: 924630 | H19: 881790 | I19: 1000000 | J19: 924274 | K19: 830000
B20: 13 | C20: REPETIDORA | D20: MP+VF | E20: 276613 | F20: 231525 | G20: 175525 | H20: 233240 | I20: 206584 | J20: 246185 | K20: 221000
B21: 14 | D21: CB | E21: 253419 | F21: 212112 | G21: 213010 | H21: 213010 | I21: 240000 | J21: 225542 | K21: 202000

Sheet VALORES ART. BAJOS
B2: VERIFICACIÓN VALORES ARTIFICIALMENTE BAJO (VAB)
B3: No. | C3: EQUIPO | D3: U. de medida / Servicio | E3: Precio Unitario incluido IVA | F3: Valor Minimo Aceptable | G3: =+'OFERTA ECONOMICA'!E3 -> UNION TEMPORAL ARCADIA | H3: VAB (SI/NO) | I3: =+'OFERTA ECONOMICA'!F3 -> INSTRUMENTACION Y METROLOGIA S,A,S | J3: VAB (SI/NO) | K3: =+'OFERTA ECONOMICA'!G3 -> CREACIONES Y SUMINISTROS SAS | L3: VAB (SI/NO) | M3: =+'OFERTA ECONOMICA'!H3 -> LABORATORIOS DE METROLOGIA SIGMA SAS | N3: VAB (SI/NO) | O3: =+'OFERTA ECONOMICA'!I3 -> CONAMET S.A.S | P3: VAB (SI/NO) | Q3: =+'OFERTA ECONOMICA'!J3 -> SET Y GAD SAS. | R3: Mediana | S3: Desviación estandar | T3: VAB (SI/NO)
B4: 1 | C4: BURETA DIGITAL | D4: MP+VF | E4: 260693 | F4: 193817.24 | G4: =+'OFERTA ECONOMICA'!F8 -> 218200 | H4: =IF(G4<=F4,"SI","NO") -> NO | I4: =+'OFERTA ECONOMICA'!G8 -> 175525 | J4: =IF(I4<=F4,"SI","NO") -> SI | K4: =+'OFERTA ECONOMICA'!H8 -> 220150 | L4: =IF(K4<=F4,"SI","NO") -> NO | M4: =+'OFERTA ECONOMICA'!I8 -> 206584 | N4: =IF(M4<=F4,"SI","NO") -> NO | O4: =+'OFERTA ECONOMICA'!J8 -> 232016 | P4: =IF(O4<=F4,"SI","NO") -> NO | Q4: =+'OFERTA ECONOMICA'!K8 -> 208000 | R4: =MEDIAN(G4:Q4) -> 213100 | S4: =STDEV(G4:Q4) -> 19282.758 | T4: =IF(Q4<=F4,"SI","NO") -> NO
B5: 2 | D5: CB | E5: 302441 | F5: 225553.84 | G5: =+'OFERTA ECONOMICA'!F9 -> 253143 | H5: =IF(G5<=F5,"SI","NO") -> NO | I5: =+'OFERTA ECONOMICA'!G9 -> 213010 | J5: =IF(I5<=F5,"SI","NO") -> SI | K5: =+'OFERTA ECONOMICA'!H9 -> 255850 | L5: =IF(K5<=F5,"SI","NO") -> NO | M5: =+'OFERTA ECONOMICA'!I9 -> 300000 | N5: =IF(M5<=F5,"SI","NO") -> NO | O5: =+'OFERTA ECONOMICA'!J9 -> 269172 | P5: =IF(O5<=F5,"SI","NO") -> NO | Q5: =+'OFERTA ECONOMICA'!K9 -> 241000 | R5: =MEDIAN(G5:Q5) -> 254496.5 | S5: =STDEV(G5:Q5) -> 28942.661 | T5: =IF(Q5<=F5,"SI","NO") -> NO
B6: 3 | C6: DISPENSADOR | D6: MP+VF | E6: 253359 | F6: 192526.86 | G6: =+'OFERTA ECONOMICA'!F10 -> 212061 | H6: =IF(G6<=F6,"SI","NO") -> NO | I6: =+'OFERTA ECONOMICA'!G10 -> 175525 | J6: =IF(I6<=F6,"SI","NO") -> SI | K6: =+'OFERTA ECONOMICA'!H10 -> 213010 | L6: =IF(K6<=F6,"SI","NO") -> NO | M6: =+'OFERTA ECONOMICA'!I10 -> 206584 | N6: =IF(M6<=F6,"SI","NO") -> NO | O6: =+'OFERTA ECONOMICA'!J10 -> 225489 | P6: =IF(O6<=F6,"SI","NO") -> NO | Q6: =+'OFERTA ECONOMICA'!K10 -> 202000 | R6: =MEDIAN(G6:Q6) -> 209322.5 | S6: =STDEV(G6:Q6) -> 16795.644 | T6: =IF(Q6<=F6,"SI","NO") -> NO
B7: 4 | D7: CB | E7: 295106 | F7: 225599 | G7: =+'OFERTA ECONOMICA'!F11 -> 247004 | H7: =IF(G7<=F7,"SI","NO") -> NO | I7: =+'OFERTA ECONOMICA'!G11 -> 213010 | J7: =IF(I7<=F7,"SI","NO") -> SI | K7: =+'OFERTA ECONOMICA'!H11 -> 249900 | L7: =IF(K7<=F7,"SI","NO") -> NO | M7: =+'OFERTA ECONOMICA'!I11 -> 280000 | N7: =IF(M7<=F7,"SI","NO") -> NO | O7: =+'OFERTA ECONOMICA'!J11 -> 262644 | P7: =IF(O7<=F7,"SI","NO") -> NO | Q7: =+'OFERTA ECONOMICA'!K11 -> 236000 | R7: =MEDIAN(G7:Q7) -> 248452 | S7: =STDEV(G7:Q7) -> 22852.995 | T7: =IF(Q7<=F7,"SI","NO") -> NO
B8: 5 | C8: DISPENSADOR MULTIPLE | D8: MP+VF | E8: 288248 | F8: 205723.55 | G8: =+'OFERTA ECONOMICA'!F12 -> 241264 | H8: =IF(G8<=F8,"SI","NO") -> NO | I8: =+'OFERTA ECONOMICA'!G12 -> 175525 | J8: =IF(I8<=F8,"SI","NO") -> SI | K8: =+'OFERTA ECONOMICA'!H12 -> 245140 | L8: =IF(K8<=F8,"SI","NO") -> NO | M8: =+'OFERTA ECONOMICA'!I12 -> 206584 | N8: =IF(M8<=F8,"SI","NO") -> NO | O8: =+'OFERTA ECONOMICA'!J12 -> 256540 | P8: =IF(O8<=F8,"SI","NO") -> NO | Q8: =+'OFERTA ECONOMICA'!K12 -> 230000 | R8: =MEDIAN(G8:Q8) -> 235632 | S8: =STDEV(G8:Q8) -> 29908.454 | T8: =IF(Q8<=F8,"SI","NO") -> NO
B9: 6 | D9: CB | E9: 353795 | F9: 254360.92 | G9: =+'OFERTA ECONOMICA'!F13 -> 296126 | H9: =IF(G9<=F9,"SI","NO") -> NO | I9: =+'OFERTA ECONOMICA'!G13 -> 213010 | J9: =IF(I9<=F9,"SI","NO") -> SI | K9: =+'OFERTA ECONOMICA'!H13 -> 299880 | L9: =IF(K9<=F9,"SI","NO") -> NO | M9: =+'OFERTA ECONOMICA'!I13 -> 343000 | N9: =IF(M9<=F9,"SI","NO") -> NO | O9: =+'OFERTA ECONOMICA'!J13 -> 314877 | P9: =IF(O9<=F9,"SI","NO") -> NO | Q9: =+'OFERTA ECONOMICA'!K13 -> 283000 | R9: =MEDIAN(G9:Q9) -> 298003 | S9: =STDEV(G9:Q9) -> 43642.08 | T9: =IF(Q9<=F9,"SI","NO") -> NO
B10: 7 | C10: PIPETA MONOCANAL | D10: MP+VF | E10: 253771 | F10: 194817.29 | G10: =+'OFERTA ECONOMICA'!F14 -> 212406 | H10: =IF(G10<=F10,"SI","NO") -> NO | I10: =+'OFERTA ECONOMICA'!G14 -> 175525 | J10: =IF(I10<=F10,"SI","NO") -> SI | K10: =+'OFERTA ECONOMICA'!H14 -> 213010 | L10: =IF(K10<=F10,"SI","NO") -> NO | M10: =+'OFERTA ECONOMICA'!I14 -> 220584 | N10: =IF(M10<=F10,"SI","NO") -> NO | O10: =+'OFERTA ECONOMICA'!J14 -> 225856 | P10: =IF(O10<=F10,"SI","NO") -> NO | Q10: =+'OFERTA ECONOMICA'!K14 -> 203000 | R10: =MEDIAN(G10:Q10) -> 212708 | S10: =STDEV(G10:Q10) -> 17890.71 | T10: =IF(Q10<=F10,"SI","NO") -> NO
B11: 8 | D11: CB | E11: 295519 | F11: 224292.99 | G11: =+'OFERTA ECONOMICA'!F15 -> 247349 | H11: =IF(G11<=F11,"SI","NO") -> NO | I11: =+'OFERTA ECONOMICA'!G15 -> 213010 | J11: =IF(I11<=F11,"SI","NO") -> SI | K11: =+'OFERTA ECONOMICA'!H15 -> 249900 | L11: =IF(K11<=F11,"SI","NO") -> NO | M11: =+'OFERTA ECONOMICA'!I15 -> 285000 | N11: =IF(M11<=F11,"SI","NO") -> NO | O11: =+'OFERTA ECONOMICA'!J15 -> 263011 | P11: =IF(O11<=F11,"SI","NO") -> NO | Q11: =+'OFERTA ECONOMICA'!K15 -> 236000 | R11: =MEDIAN(G11:Q11) -> 248624.5 | S11: =STDEV(G11:Q11) -> 24331.51 | T11: =IF(Q11<=F11,"SI","NO") -> NO
B12: 9 | C12: PIPETA MULTICANAL (8 canales) | D12: MP+VF | E12: 419425 | F12: 321088.26 | G12: =+'OFERTA ECONOMICA'!F16 -> 351059 | H12: =IF(G12<=F12,"SI","NO") -> NO | I12: =+'OFERTA ECONOMICA'!G16 -> 299285 | J12: =IF(I12<=F12,"SI","NO") -> SI | K12: =+'OFERTA ECONOMICA'!H16 -> 355810 | L12: =IF(K12<=F12,"SI","NO") -> NO | M12: =+'OFERTA ECONOMICA'!I16 -> 393208 | N12: =IF(M12<=F12,"SI","NO") -> NO | O12: =+'OFERTA ECONOMICA'!J16 -> 373288 | P12: =IF(O12<=F12,"SI","NO") -> NO | Q12: =+'OFERTA ECONOMICA'!K16 -> 335000 | R12: =MEDIAN(G12:Q12) -> 353434.5 | S12: =STDEV(G12:Q12) -> 32346.243 | T12: =IF(Q12<=F12,"SI","NO") -> NO
B13: 10 | D13: CB | E13: 1015696 | F13: 740486.25 | G13: =+'OFERTA ECONOMICA'!F17 -> 850138 | H13: =IF(G13<=F13,"SI","NO") -> NO | I13: =+'OFERTA ECONOMICA'!G17 -> 650930 | J13: =IF(I13<=F13,"SI","NO") -> SI | K13: =+'OFERTA ECONOMICA'!H17 -> 861560 | L13: =IF(K13<=F13,"SI","NO") -> NO | M13: =+'OFERTA ECONOMICA'!I17 -> 1000000 | N13: =IF(M13<=F13,"SI","NO") -> NO | O13: =+'OFERTA ECONOMICA'!J17 -> 903969 | P13: =IF(O13<=F13,"SI","NO") -> NO | Q13: =+'OFERTA ECONOMICA'!K17 -> 812000 | R13: =MEDIAN(G13:Q13) -> 855849 | S13: =STDEV(G13:Q13) -> 115362.75 | T13: =IF(Q13<=F13,"SI","NO") -> NO
B14: 11 | C14: PIPETA MULTICANAL (12 canales) | D14: MP+VF | E14: 620492 | F14: 460292.44 | G14: =+'OFERTA ECONOMICA'!F18 -> 519352 | H14: =IF(G14<=F14,"SI","NO") -> NO | I14: =+'OFERTA ECONOMICA'!G18 -> 406385 | J14: =IF(I14<=F14,"SI","NO") -> SI | K14: =+'OFERTA ECONOMICA'!H18 -> 527170 | L14: =IF(K14<=F14,"SI","NO") -> NO | M14: =+'OFERTA ECONOMICA'!I18 -> 593208 | N14: =IF(M14<=F14,"SI","NO") -> NO | O14: =+'OFERTA ECONOMICA'!J18 -> 552237 | P14: =IF(O14<=F14,"SI","NO") -> NO | Q14: =+'OFERTA ECONOMICA'!K18 -> 496000 | R14: =MEDIAN(G14:Q14) -> 523261 | S14: =STDEV(G14:Q14) -> 62968.557 | T14: =IF(Q14<=F14,"SI","NO") -> NO
B15: 12 | D15: CB | E15: 1038511 | F15: 844338.33 | G15: =+'OFERTA ECONOMICA'!F19 -> 869234 | H15: =IF(G15<=F15,"SI","NO") -> NO | I15: =+'OFERTA ECONOMICA'!G19 -> 924630 | J15: =IF(I15<=F15,"SI","NO") -> NO | K15: =+'OFERTA ECONOMICA'!H19 -> 881790 | L15: =IF(K15<=F15,"SI","NO") -> NO | M15: =+'OFERTA ECONOMICA'!I19 -> 1000000 | N15: =IF(M15<=F15,"SI","NO") -> NO | O15: =+'OFERTA ECONOMICA'!J19 -> 924274 | P15: =IF(O15<=F15,"SI","NO") -> NO | Q15: =+'OFERTA ECONOMICA'!K19 -> 830000 | R15: =MEDIAN(G15:Q15) -> 903032 | S15: =STDEV(G15:Q15) -> 58693.669 | T15: =IF(Q15<=F15,"SI","NO") -> SI
B16: 13 | C16: REPETIDORA | D16: MP+VF | E16: 276613 | F16: 201175.01 | G16: =+'OFERTA ECONOMICA'!F20 -> 231525 | H16: =IF(G16<=F16,"SI","NO") -> NO | I16: =+'OFERTA ECONOMICA'!G20 -> 175525 | J16: =IF(I16<=F16,"SI","NO") -> SI | K16: =+'OFERTA ECONOMICA'!H20 -> 233240 | L16: =IF(K16<=F16,"SI","NO") -> NO | M16: =+'OFERTA ECONOMICA'!I20 -> 206584 | N16: =IF(M16<=F16,"SI","NO") -> NO | O16: =+'OFERTA ECONOMICA'!J20 -> 246185 | P16: =IF(O16<=F16,"SI","NO") -> NO | Q16: =+'OFERTA ECONOMICA'!K20 -> 221000 | R16: =MEDIAN(G16:Q16) -> 226262.5 | S16: =STDEV(G16:Q16) -> 25087.485 | T16: =IF(Q16<=F16,"SI","NO") -> NO
B17: 14 | D17: CB | E17: 253419 | F17: 199740.12 | G17: =+'OFERTA ECONOMICA'!F21 -> 212112 | H17: =IF(G17<=F17,"SI","NO") -> NO | I17: =+'OFERTA ECONOMICA'!G21 -> 213010 | J17: =IF(I17<=F17,"SI","NO") -> NO | K17: =+'OFERTA ECONOMICA'!H21 -> 213010 | L17: =IF(K17<=F17,"SI","NO") -> NO | M17: =+'OFERTA ECONOMICA'!I21 -> 240000 | N17: =IF(M17<=F17,"SI","NO") -> NO | O17: =+'OFERTA ECONOMICA'!J21 -> 225542 | P17: =IF(O17<=F17,"SI","NO") -> NO | Q17: =+'OFERTA ECONOMICA'!K21 -> 202000 | R17: =MEDIAN(G17:Q17) -> 213010 | S17: =STDEV(G17:Q17) -> 13269.882 | T17: =IF(Q17<=F17,"SI","NO") -> NO
B18: OBSERVACIONES PRESENTADAS A LAS OFERTAS QUE NO CUMPLEN:
B19: Una vez analizadas las ofertas económicas presentadas dentro del proceso, y de conformidad con el deber de análisis establecido en la normatividad vigente aplicable a la contratación estatal, se identificó que algunos valores ofertados por varios proponentes se encuentran por debajo del valor mínimo aceptable, razón por la cual se presumen como precios artificialmente bajos. Los ítems que presentan esta condición se encuentran señalados en color amarillo e identificados con la letra “SI”, de conformidad con el análisis comparativo realizado frente a los precios de mercado, los valores promedio de las ofertas recibidas y los costos necesarios para la adecuada ejecución del objeto contractual. En este sentido, y conforme a lo dispuesto en el artículo 2.2.1.1.2.2.4 del Decreto 1082 de 2015, se requiere a los oferentes correspondientes que expliquen de manera escrita, clara, completa y detallada las razones que sustentan los valores ofertados para los ítems señalados, indicando las circunstancias objetivas que permiten ofrecer dichos precios sin poner en riesgo el cumplimiento adecuado, oportuno y con calidad de las obligaciones contractuales. La justificación deberá contemplar, como mínimo, la estructura del precio ofertado, incluyendo la desagregación de costos del servicio, gastos generales, imprevistos y utilidad, así como los soportes técnicos, comerciales o financieros que respalden el valor final presentado. Así mismo, deberá acreditarse que los precios ofertados garantizan la cobertura total de los costos directos e indirectos, el personal requerido, los insumos, garantías y demás condiciones técnicas exigidas en el proceso, sin desmejorar las especificaciones establecidas en los documentos del proceso. Lo anterior permitirá al comité evaluador verificar la viabilidad económica de las ofertas y continuar con el análisis correspondiente, de conformidad con las reglas del proceso y la normatividad aplicable.

Sheet EXPERIENCIA
B2: =+'OFERTA ECONOMICA'!E3 -> UNION TEMPORAL ARCADIA
B3: No. | C3: Entidad o persona contratante | D3: Valor | E3: Relación contractual con el presente proceso. | F3: Codigo UNSPSC 1 | G3: Codigo UNSPSC 2 | H3: Codigo UNSPSC 3 | I3: SMLMV | J3: COMPLE (SI/NO) | K3: Observaciones
B5: 1 | C5: ELECTROEQUIPOS DE COLOMBIA S.A.S | D5: 155641580 | E5: Mantenimiento preventivo, correctivo, reparación, verificación, reporte de diagnostico y calibración de equipos de volumen incluidos equipos como buretas, micropipetas, dispensadores repetidoras. | F5: 811017 | G5: 811415 | H5: 411215 | I5: 187.94 | J5: SI
B6: 2 | C6: INVIMA | D6: 57571828 | E6: Prestar los servicios de intervenciones metrológicas incluidos repuestos y adquirir nuevos equipos medidores de volumen para la oficina de laboratorios y control de calidad del instituto nacional de vigilancia de medicamentos y alimentos - Invíma. Para los grupos 1 y 3. | I6: 49.63
B7: 3 | C7: FONDO FINANCIERO DISTRITAL DE SALUD | D7: 54200000 | E7: Contratar el servicio de mantenimiento preventivo y correctivo, calibración y calificación de equopos de laboratorio de salud pública de la Secretaria Distrital de Salud respecto al lote No. 11, el cual corresponde a realizar el servicio de calibración y calificación de micropipetas, dispensadores, buretas, termómetros, termo higrómetros. | I7: 65.44
B8: 4 | C8: INGOBAR | D8: 96500000 | E8: Prestación del servicio de mantenimiento preventivo, correctivo y verificación metrologica a equipos volumetricos (dispensadores, micropipetas monocanal/multicanal y buretas) de acuerdo a listado suministrado. | I8: 96.5
B10: =+'OFERTA ECONOMICA'!F3 -> INSTRUMENTACION Y METROLOGIA S,A,S
B11: No. | C11: Entidad o persona contratante | D11: Valor | E11: Relación contractual con el presente proceso. | F11: Codigo UNSPSC 1 | G11: Codigo UNSPSC 2 | H11: Codigo UNSPSC 3 | I11: SMLMV | J11: COMPLE (SI/NO) | K11: Observaciones
B13: 1 | C13: CAR Cundinamarca | D13: 294887950 | E13: Realizar el mantenimiento preventivo y correctivo de los equipos de la Dirección de laboratorio e innovación ambiental de la CAR grupo 1. Mantenimiento preventivo, correctivo y verificación de equipos de laboratorio. | F13: 811016 | G13: 811017 | H13: 811415 | I13: 294.88 | J13: SI
B14: 2 | C14: CAR Cundinamarca | D14: 295719760 | E14: Realizar el mantenimiento a los quipos de analisis perteneciente a la Dirección de Laboratorio e Innovación - DLIA de la Corporación Autonoma Regional de Cundinamarca - CAR Grupo 1. Equipos de uso general | I14: 289.33
B16: =+'OFERTA ECONOMICA'!G3 -> CREACIONES Y SUMINISTROS SAS
B17: No. | C17: Entidad o persona contratante | D17: Valor | E17: Relación contractual con el presente proceso. | F17: Codigo UNSPSC 1 | G17: Codigo UNSPSC 2 | H17: Codigo UNSPSC 3 | I17: SMLMV | J17: COMPLE (SI/NO) | K17: Observaciones
B19: 1 | C19: VIDCOL 001 | D19: 128000000 | E19: Servicios de calibración, calificación y mantenimiento de equipos de temperatura y humedad, pistón y material volumétricos termohigrómetros, termómetros, incubadoras y equipos de refrigeración y congelación; pipetas, buretas, dispensadores, balanzas, autoclaves). | F19: 811415 | G19: 811017 | H19: 811016 | I19: 161.47 | J19: SI
B20: 2 | C20: VIDCOL 003 | D20: 59619000 | E20: Servicios de mantenimiento y calibración de micropipetas tipo pistón, micropipetas tipo pistón volumen variable, centrifugas, incubadoras y buretas digitales. Suministro de equipos de medíción vidriería y demás elementos y laboratorio para cliente final. | I20: 110.34
B21: 3 | C21: EMPRESA MUNICIPAL DE ACUEDUCTO DE FUNZA | D21: 42099820 | E21: Prestar el servicio de mantenimiento preventivo y diagnostico de los equipos de los laboratorios de control de calidad y de procesos de las plantas de tratamiento de agua potable (PTAP) y de agua residual (PTAR) de la EMAAF E.S.P. | I21: 36.29
B22: 4 | C22: VIDCOL 004 | D22: 161471100 | E22: Servicios de mantenimiento, caracterización, y calificación de equipos biomédicos y de refrigeración, calibración de micropipetas y termohigrómetros | I22: 74.61
B24: =+'OFERTA ECONOMICA'!H3 -> LABORATORIOS DE METROLOGIA SIGMA SAS
B25: No. | C25: Entidad o persona contratante | D25: Valor | E25: Relación contractual con el presente proceso. | F25: Codigo UNSPSC 1 | G25: Codigo UNSPSC 2 | H25: Codigo UNSPSC 3 | I25: SMLMV | J25: COMPLE (SI/NO) | K25: Observaciones
B27: 1 | C27: QUINTECHNOLOGY ROF 03-24LMS | D27: 320000000 | E27: calibración de equipos volumétricos | F27: 811017 | G27: 811415 | H27: 811016 | I27: 246.15 | J27: SI
B28: 2 | C28: VERDEXLAB | D28: 198530780 | E28: calibración de equipos volumétricos | I28: 152.71
B30: =+'OFERTA ECONOMICA'!I3 -> CONAMET S.A.S
B31: No. | C31: Entidad o persona contratante | D31: Valor | E31: Relación contractual con el presente proceso. | F31: Codigo UNSPSC 1 | G31: Codigo UNSPSC 2 | H31: Codigo UNSPSC 3 | I31: SMLMV | J31: COMPLE (SI/NO) | K31: Observaciones
C33: ICA | D33: 374454960 | E33: Mantenim:ento preventivo y calibración de micropipetas monocanal y multicanal. | F33: 811017 | G33: 811415 | H33: 411215 | I33: 581.14 | J33: SI
B35: =+'OFERTA ECONOMICA'!J3 -> SET Y GAD SAS.
B36: No. | C36: Entidad o persona contratante | D36: Valor | E36: Relación contractual con el presente proceso. | F36: Codigo UNSPSC 1 | G36: Codigo UNSPSC 2 | H36: Codigo UNSPSC 3 | I36: SMLMV | J36: COMPLE (SI/NO) | K36: Observaciones
C38: IRECCIÓN DE SANIDAD DE LA POLICÍA NACIONAL | D38: 1305630567 | E38: Prestación del servicio de control metrologico para los equipos biomedicos de medición, equipos biomedicos con subsistemas de medición y elementos de diagnostico hospitalario de los establecimientos de sanidad policial del ambito nacional. | F38: 811016 | G38: 811017 | H38: 851615 | I38: =1437.08/2 -> 718.54 | J38: SI

Sheet PROTOCOLOS OCM Y PLANTILLA
B2: =+'OFERTA ECONOMICA'!E3 -> UNION TEMPORAL ARCADIA
B3: No. | C3: PROTOCOLO | D3: ADJUNTA PLANTILLA DE SERVICIO TÉCNICO (SI/NO) | E3: EL PROTOCOLO CUMPLE CON LO ESTABLECIDO (SI/NO) | F3: CUMPLE (SI/NO) | G3: Observaciones
B5: 1 | C5: Mantenimiento | D5: SI | E5: SI | F5: SI
B6: 2 | C6: Verificación | D6: SI | E6: SI
B7: 3 | C7: Calibración | D7: SI | E7: SI
B9: =+'OFERTA ECONOMICA'!F3 -> INSTRUMENTACION Y METROLOGIA S,A,S
B10: No. | C10: PROTOCOLO | D10: ADJUNTA PLANTILLA DE SERVICIO TÉCNICO (SI/NO) | E10: EL PROTOCOLO CUMPLE CON LO ESTABLECIDO (SI/NO) | F10: CUMPLE (SI/NO) | G10: Observaciones
B12: 1 | C12: Mantenimiento | D12: SI | E12: NO | F12: NO
B13: 2 | C13: Verificación | D13: SI | E13: NO
B14: 3 | C14: Calibración | D14: NO | E14: NO
B16: =+'OFERTA ECONOMICA'!G3 -> CREACIONES Y SUMINISTROS SAS
B17: No. | C17: PROTOCOLO | D17: ADJUNTA PLANTILLA DE SERVICIO TÉCNICO (SI/NO) | E17: EL PROTOCOLO CUMPLE CON LO ESTABLECIDO (SI/NO) | F17: CUMPLE (SI/NO) | G17: Observaciones
B19: 1 | C19: Mantenimiento | D19: SI | E19: SI | F19: SI
B20: 2 | C20: Verificación | D20: SI | E20: SI
B21: 3 | C21: Calibración | D21: SI | E21: SI
B23: =+'OFERTA ECONOMICA'!H3 -> LABORATORIOS DE METROLOGIA SIGMA SAS
B24: No. | C24: PROTOCOLO | D24: ADJUNTA PLANTILLA DE SERVICIO TÉCNICO (SI/NO) | E24: EL PROTOCOLO CUMPLE CON LO ESTABLECIDO (SI/NO) | F24: CUMPLE (SI/NO) | G24: Observaciones
B26: 1 | C26: Mantenimiento | D26: SI | E26: SI | F26: SI
B27: 2 | C27: Verificación | D27: SI | E27: SI
B28: 3 | C28: Calibración | D28: SI | E28: SI
B30: =+'OFERTA ECONOMICA'!I3 -> CONAMET S.A.S
B31: No. | C31: PROTOCOLO | D31: ADJUNTA PLANTILLA DE SERVICIO TÉCNICO (SI/NO) | E31: EL PROTOCOLO CUMPLE CON LO ESTABLECIDO (SI/NO) | F31: CUMPLE (SI/NO) | G31: Observaciones
B33: 1 | C33: Mantenimiento | D33: SI | E33: SI | F33: SI
B34: 2 | C34: Verificación | D34: SI | E34: SI
B35: 3 | C35: Calibración | D35: SI | E35: SI
B37: =+'OFERTA ECONOMICA'!J3 -> SET Y GAD SAS.
B38: No. | C38: PROTOCOLO | D38: ADJUNTA PLANTILLA DE SERVICIO TÉCNICO (SI/NO) | E38: EL PROTOCOLO CUMPLE CON LO ESTABLECIDO (SI/NO) | F38: CUMPLE (SI/NO) | G38: Observaciones
B40: 1 | C40: Mantenimiento | D40: SI | E40: SI | F40: SI
B41: 2 | C41: Verificación | D41: SI | E41: SI
B42: 3 | C42: Calibración | D42: SI | E42: SI

Sheet CERT. CALIBRACIÓN PATRONES
B2: =+'OFERTA ECONOMICA'!E3 -> UNION TEMPORAL ARCADIA
B3: No. | C3: SERVICIOS | D3: Area o proveedor encargado del servicio | E3: Vigencia | F3: ¿Adjunta cronograma de calibración de los patrones? | G3: CUMPLE (SI/NO) | H3: Observaciones
B5: 1 | C5: Verificación metrologica | D5: PROVEO SAS | E5: No permite verificar vigencia | F5: NO | G5: NO | H5: La balanza NO cumple con el requisito de resolución mínimo establecido ( según norma ISO 8655 6) para la verificación de micropipetas en el rango (1 a 10) µL )(relacionada en la ficha técnica) se solicita una resolución mínima de 0,001 mg.
B6: 2 | C6: Calibración | D6: INGOBAR Metrología S.A.S. | E6: SI | F6: SI | G6: SI
B8: =+'OFERTA ECONOMICA'!F3 -> INSTRUMENTACION Y METROLOGIA S,A,S
B9: No. | C9: SERVICIOS | D9: Area o proveedor encargado del servicio | E9: Vigencia | F9: ¿Adjunta cronograma de calibración de los patrones? | G9: CUMPLE (SI/NO) | H9: Observaciones
C11: Verificación metrologica | D11: INSTRUMENTACIÓN SAS. | E11: SI | F11: SI | G11: NO
C12: Calibración | D12: METRONIKA S.A.S. | E12: NO | F12: NO | G12: NO
B14: =+'OFERTA ECONOMICA'!G3 -> CREACIONES Y SUMINISTROS SAS
B15: No. | C15: SERVICIOS | D15: Area o proveedor encargado del servicio | E15: Vigencia | F15: ¿Adjunta cronograma de calibración de los patrones? | G15: CUMPLE (SI/NO) | H15: Observaciones
B17: 1 | C17: Verificación metrologica | D17: VIDCOL S.A.S | E17: SI | F17: SI | G17: SI
B18: 1 | C18: Calibración | D18: CREACIONES Y SUMINISTROS S.A.S | E18: SI | F18: SI | G18: SI
B20: =+'OFERTA ECONOMICA'!H3 -> LABORATORIOS DE METROLOGIA SIGMA SAS
B21: No. | C21: SERVICIOS | D21: Area o proveedor encargado del servicio | E21: Vigencia | F21: ¿Adjunta cronograma de calibración de los patrones? | G21: CUMPLE (SI/NO) | H21: Observaciones
C22: Verificación metrologica | D22: QUINTECHNOLOGY S.A.S | E22: SI | F22: SI | G22: SI
C23: Calibración | D23: SIGMA | E23: SI | F23: SI | G23: SI
B25: =+'OFERTA ECONOMICA'!I3 -> CONAMET S.A.S
B26: No. | C26: SERVICIOS | D26: Area o proveedor encargado del servicio | E26: Vigencia | F26: ¿Adjunta cronograma de calibración de los patrones? | G26: CUMPLE (SI/NO) | H26: Observaciones
C28: Verificación metrologica | D28: CEINTEC | E28: SI | F28: SI | G28: SI
C29: Calibración | D29: CONAMET S.A.S | E29: SI | F29: SI | G29: SI
B31: =+'OFERTA ECONOMICA'!J3 -> SET Y GAD SAS.
B32: No. | C32: SERVICIOS | D32: Area o proveedor encargado del servicio | E32: Vigencia | F32: ¿Adjunta cronograma de calibración de los patrones? | G32: CUMPLE (SI/NO) | H32: Observaciones
C34: Verificación metrologica | D34: SET Y GAD S.A.S | E34: SI | F34: SI | G34: SI
C35: Calibración | D35: SET Y GAD S.A.S | E35: SI | F35: SI | G35: SI

Sheet EQUIPO DE TRA.
B2: =+'OFERTA ECONOMICA'!E3 -> UNION TEMPORAL ARCADIA
B3: No. | C3: Servicio de mantenimiento preventivo y verificación | W3: Servicio de Calibración | AO3: CUMPLE (SI/NO) | AP3: Observaciones
C4: Lider técnico - Jonattan Smith Barrera | I4: Técnico operativo 1 - Anderson David Gonzalez | P4: Técnico operativo 2 - Jessica Viviana Pizón | W4: Técnico operativo 1 - Jhon Sebastión Rocha Pachon | AC4: Técnico operativo 2 - Andres Felipe Barón | AI4: Técnico operativo 3 - Estefania Aldana Bareño
C5: HV | D5: Tarjeta profesional | E5: Vigencia tarjeta | F5: Experiencia 2 años | G5: Formación adicional | H5: Carta compromiso | I5: HV | J5: Diploma | K5: Tarjeta profesional | L5: Vigencia tarjeta | M5: Experiencia 1 año | N5: Formación adicional | O5: Carta compromiso | P5: HV | Q5: Diploma | R5: Tarjeta profesional | S5: Vigencia tarjeta | T5: Experiencia 1 año | U5: Formación adicional | V5: Carta compromiso | W5: HV | X5: Diploma | Y5: Tarjeta profesional | Z5: Vigencia | AA5: Experiencia 1 año | AB5: Carta | AC5: HV | AD5: Diploma | AE5: Tarjeta profesional | AF5: Vigencia | AG5: Experiencia 1 año | AH5: Carta | AI5: HV | AJ5: Diploma | AK5: Tarjeta profesional | AL5: Vigencia | AM5: Experiencia 1 año | AN5: Carta
B6: 1 | C6: X | D6: X | E6: X | F6: X | G6: X | H6: X | I6: X | J6: X | K6: X | L6: X | M6: X | N6: X | O6: X | P6: X | Q6: X | R6: X | S6: X | T6: X | U6: X | V6: X | W6: X | X6: X | Y6: X | Z6: X | AA6: X | AB6: X | AC6: X | AD6: X | AE6: X | AF6: X | AG6: X | AH6: X | AI6: X | AJ6: X | AK6: X | AL6: X | AM6: X | AN6: X | AO6: SI
B8: =+'OFERTA ECONOMICA'!F3 -> INSTRUMENTACION Y METROLOGIA S,A,S
B9: No. | C9: Servicio de mantenimiento preventivo y verificación | W9: Servicio de Calibración | AO9: CUMPLE (SI/NO) | AP9: Observaciones
C10: Lider técnico - Edna Magaldy Portela | I10: Técnico operativo 1 - Andres Gerardo Guerrero | P10: Técnico operativo 2 - Edgar Favian Martinez | W10: Técnico operativo 1 - Astrid Lorena Tangarife | AC10: Técnico operativo 2 - Helen Jineth Robelto | AI10: Técnico operativo 3 - Mychelle Guevara
C11: HV | D11: Tarjeta profesional | E11: Vigencia tarjeta | F11: Experiencia 2 años | G11: Formación adicional | H11: Carta compromiso | I11: HV | J11: Diploma | K11: Tarjeta profesional | L11: Vigencia tarjeta | M11: Experiencia 1 año | N11: Formación adicional | O11: Carta compromiso | P11: HV | Q11: Diploma | R11: Tarjeta profesional | S11: Vigencia tarjeta | T11: Experiencia 1 año | U11: Formación adicional | V11: Carta compromiso | W11: HV | X11: Diploma | Y11: Tarjeta profesional | Z11: Vigencia | AA11: Experiencia 1 año | AB11: Carta | AC11: HV | AD11: Diploma | AE11: Tarjeta profesional | AF11: Vigencia | AG11: Experiencia 1 año | AH11: Carta | AI11: HV | AJ11: Diploma | AK11: Tarjeta profesional | AL11: Vigencia | AM11: Experiencia 1 año | AN11: Carta
B12: 1 | C12: X | D12: X | E12: X | F12: X | G12: X | H12: X | I12: X | J12: X | K12: X | L12: X | M12: X | N12: X | O12: X | P12: X | Q12: X | R12: X | S12: X | T12: X | U12: X | V12: X | W12: X | X12: X | Y12: No adjunta | Z12: No adjunta | AA12: No adjunta | AB12: No adjunta | AC12: X | AD12: No adjunta | AE12: No adjunta | AF12: No adjunta | AG12: No adjunta | AH12: No adjunta | AI12: X | AJ12: No adjunta | AK12: No adjunta | AL12: No adjunta | AM12: No adjunta | AN12: No adjunta | AO12: NO
B14: =+'OFERTA ECONOMICA'!G3 -> CREACIONES Y SUMINISTROS SAS
B15: No. | C15: Servicio de mantenimiento preventivo y verificación | W15: Servicio de Calibración | AO15: CUMPLE (SI/NO) | AP15: Observaciones
C16: Lider técnico - Jhon Fredy Montoya Arias | I16: Técnico operativo 1 - Adrian Felipe Sanchez Tapia | P16: Técnico operativo 2 - Andres Camilo Gomez Arias | W16: Técnico operativo 1 - Claudia Milena Montoya | AC16: Técnico operativo 2 - Maria Fernanda Sanchez | AI16: Técnico operativo 3 - Andrea Carolina Curtidor
C17: HV | D17: Tarjeta profesional | E17: Vigencia tarjeta | F17: Experiencia 2 años | G17: Formación adicional | H17: Carta compromiso | I17: HV | J17: Diploma | K17: Tarjeta profesional | L17: Vigencia tarjeta | M17: Experiencia 1 año | N17: Formación adicional | O17: Carta compromiso | P17: HV | Q17: Diploma | R17: Tarjeta profesional | S17: Vigencia tarjeta | T17: Experiencia 1 año | U17: Formación adicional | V17: Carta compromiso | W17: HV | X17: Diploma | Y17: Tarjeta profesional | Z17: Vigencia | AA17: Experiencia 1 año | AB17: Carta | AC17: HV | AD17: Diploma | AE17: Tarjeta profesional | AF17: Vigencia | AG17: Experiencia 1 año | AH17: Carta | AI17: HV | AJ17: Diploma | AK17: Tarjeta profesional | AL17: Vigencia | AM17: Experiencia 1 año | AN17: Carta
C18: X | D18: X | E18: X | F18: X | G18: X | H18: X | I18: X | J18: X | K18: X | L18: X | M18: X | N18: X | O18: X | P18: X | Q18: X | R18: X | S18: X | T18: X | U18: X | V18: X | W18: X | X18: X | Y18: X | Z18: X | AA18: X | AB18: X | AC18: X | AD18: X | AE18: X | AF18: X | AG18: X | AH18: X | AI18: X | AJ18: X | AK18: X | AL18: X | AM18: X | AN18: X | AO18: SI
B20: =+'OFERTA ECONOMICA'!H3 -> LABORATORIOS DE METROLOGIA SIGMA SAS
B21: No. | C21: Servicio de mantenimiento preventivo y verificación | W21: Servicio de Calibración | AO21: CUMPLE (SI/NO) | AP21: Observaciones
C22: Lider técnico - Jonneth Quintero Naicipa | I22: Técnico operativo 1 - Javier Antonio Quintero Naicipa | P22: Técnico operativo 2 - Norbey Marin Moreno | W22: Técnico operativo 1 - Hernan Rodriguez Sabogal | AC22: Técnico operativo 2 - Alejandra Forero Rosas | AI22: Técnico operativo 3 - Cristian Felipe Gonzalez
C23: HV | D23: Tarjeta profesional | E23: Vigencia tarjeta | F23: Experiencia 2 años | G23: Formación adicional | H23: Carta compromiso | I23: HV | J23: Diploma | K23: Tarjeta profesional | L23: Vigencia tarjeta | M23: Experiencia 1 año | N23: Formación adicional | O23: Carta compromiso | P23: HV | Q23: Diploma | R23: Tarjeta profesional | S23: Vigencia tarjeta | T23: Experiencia 1 año | U23: Formación adicional | V23: Carta compromiso | W23: HV | X23: Diploma | Y23: Tarjeta profesional | Z23: Vigencia | AA23: Experiencia 1 año | AB23: Carta | AC23: HV | AD23: Diploma | AE23: Tarjeta profesional | AF23: Vigencia | AG23: Experiencia 1 año | AH23: Carta | AI23: HV | AJ23: Diploma | AK23: Tarjeta profesional | AL23: Vigencia | AM23: Experiencia 1 año | AN23: Carta
C24: X | D24: X | E24: X | F24: X | G24: X | H24: X | I24: X | J24: X | K24: X | L24: X | M24: X | N24: X | O24: X | P24: X | Q24: X | R24: X | S24: X | T24: X | U24: X | V24: X | W24: X | X24: X | Y24: X | Z24: X | AA24: X | AB24: X | AC24: X | AD24: X | AE24: X | AF24: X | AG24: X | AH24: X | AI24: X | AJ24: X | AK24: N/A | AL24: N/A | AM24: X | AN24: X | AO24: SI
B26: =+'OFERTA ECONOMICA'!I3 -> CONAMET S.A.S
B27: No. | C27: Servicio de mantenimiento preventivo y verificación | W27: Servicio de Calibración | AO27: CUMPLE (SI/NO) | AP27: Observaciones
C28: Lider técnico - María Fernanda Villalobos Villalobos | I28: Técnico operativo 1 - Daniel Eduardo Castro Hernández | P28: Técnico operativo 2 - Uilson Gómez Prada | W28: Técnico operativo 1 - Diana Forero Ardila | AC28: Técnico operativo 2 - William Frey Castelblanco | AI28: Técnico operativo 3 - William Sebastián González López
C29: HV | D29: Tarjeta profesional | E29: Vigencia tarjeta | F29: Experiencia 2 años | G29: Formación adicional | H29: Carta compromiso | I29: HV | J29: Diploma | K29: Tarjeta profesional | L29: Vigencia tarjeta | M29: Experiencia 1 año | N29: Formación adicional | O29: Carta compromiso | P29: HV | Q29: Diploma | R29: Tarjeta profesional | S29: Vigencia tarjeta | T29: Experiencia 1 año | U29: Formación adicional | V29: Carta compromiso | W29: HV | X29: Diploma | Y29: Tarjeta profesional | Z29: Vigencia | AA29: Experiencia 1 año | AB29: Carta | AC29: HV | AD29: Diploma | AE29: Tarjeta profesional | AF29: Vigencia | AG29: Experiencia 1 año | AH29: Carta | AI29: HV | AJ29: Diploma | AK29: Tarjeta profesional | AL29: Vigencia | AM29: Experiencia 1 año | AN29: Carta
C30: X | D30: X | E30: X | F30: X | G30: X | H30: X | I30: X | J30: X | K30: X | L30: X | M30: X | N30: X | O30: X | P30: X | Q30: X | R30: N/a | S30: N/a | T30: X | U30: X | V30: X | W30: X | X30: X | Y30: X | Z30: X | AA30: X | AB30: X | AC30: X | AD30: X | AE30: X | AF30: X | AG30: X | AH30: X | AI30: X | AJ30: No cumple | AK30: No cumple | AL30: No cumple | AM30: X | AN30: X | AO30: NO | AP30: El perfil presentado de técnico en mantenimiento de motores diésel, si bien acredita experiencia en calibración de diferentes magnitudes y formación complementaria en metrología, la formación académica base no es afín al área metrológica ni de laboratorio. En consecuencia, el perfil no garantiza idoneidad técnica suficiente para la ejecución del servicio requerido.
B32: =+'OFERTA ECONOMICA'!J3 -> SET Y GAD SAS.
B33: No. | C33: Servicio de mantenimiento preventivo y verificación | W33: Servicio de Calibración | AO33: CUMPLE (SI/NO) | AP33: Observaciones
C34: Lider técnico - Nicolas Ulloa | I34: Técnico operativo 1 - Alejandro Medina | P34: Técnico operativo 2 - Anderson Sánchez | W34: Técnico operativo 1 - Leydi Morales | AC34: Técnico operativo 2 - Lisa Aponte | AI34: Técnico operativo 3 - Paula Yeneth Guerrero Robayo
C35: HV | D35: Tarjeta profesional | E35: Vigencia tarjeta | F35: Experiencia 2 años | G35: Formación adicional | H35: Carta compromiso | I35: HV | J35: Diploma | K35: Tarjeta profesional | L35: Vigencia tarjeta | M35: Experiencia 1 año | N35: Formación adicional | O35: Carta compromiso | P35: HV | Q35: Diploma | R35: Tarjeta profesional | S35: Vigencia tarjeta | T35: Experiencia 1 año | U35: Formación adicional | V35: Carta compromiso | W35: HV | X35: Diploma | Y35: Tarjeta profesional | Z35: Vigencia | AA35: Experiencia 1 año | AB35: Carta | AC35: HV | AD35: Diploma | AE35: Tarjeta profesional | AF35: Vigencia | AG35: Experiencia 1 año | AH35: Carta | AI35: HV | AJ35: Diploma | AK35: Tarjeta profesional | AL35: Vigencia | AM35: Experiencia 1 año | AN35: Carta
C36: X | D36: X | E36: X | F36: No cumple | G36: X | H36: X | I36: X | J36: X | K36: X | L36: No adjunta | M36: X | N36: X | O36: X | P36: X | Q36: X | R36: X | S36: X | T36: X | U36: X | V36: X | W36: X | X36: X | Y36: X | Z36: X | AA36: No adjunta | AB36: X | AC36: X | AD36: X | AE36: X | AF36: X | AG36: No adjunta | AH36: X | AI36: X | AJ36: X | AK36: X | AL36: No adjunta | AM36: No adjunta | AN36: X | AO36: NO

Sheet PROTOCOLO TRANSPORTE
B2: =+'OFERTA ECONOMICA'!E3 -> UNION TEMPORAL ARCADIA
B3: No. | C3: Condiciones de preparación previa del equipo | D3: Requisitos para la manipulación interna y externa | E3: Condiciones de embalaje y protección | F3: Especificaciones del transporte | G3: Condiciones de almacenamiento en las instalaciones del proveedor | H3: Gestión de riesgos | I3: Responsabilidad y seguros | J3: Registro documental | K3: CUMPLE (SI/NO) | L3: Observaciones
B4: 1 | C4: SI | D4: SI | E4: SI | F4: SI | G4: SI | H4: SI | I4: SI | J4: SI | K4: SI
B6: =+'OFERTA ECONOMICA'!F3 -> INSTRUMENTACION Y METROLOGIA S,A,S
B7: No. | C7: Condiciones de preparación previa del equipo | D7: Requisitos para la manipulación interna y externa | E7: Condiciones de embalaje y protección | F7: Especificaciones del transporte | G7: Condiciones de almacenamiento en las instalaciones del proveedor | H7: Gestión de riesgos | I7: Responsabilidad y seguros | J7: Registro documental | K7: CUMPLE (SI/NO) | L7: Observaciones
B8: 1 | C8: NO | D8: NO | E8: NO | F8: NO | G8: NO | H8: NO | I8: NO | J8: NO | K8: NO
B10: =+'OFERTA ECONOMICA'!G3 -> CREACIONES Y SUMINISTROS SAS
B11: No. | C11: Condiciones de preparación previa del equipo | D11: Requisitos para la manipulación interna y externa | E11: Condiciones de embalaje y protección | F11: Especificaciones del transporte | G11: Condiciones de almacenamiento en las instalaciones del proveedor | H11: Gestión de riesgos | I11: Responsabilidad y seguros | J11: Registro documental | K11: CUMPLE (SI/NO) | L11: Observaciones
B12: 1 | C12: SI | D12: SI | E12: SI | F12: SI | G12: SI | H12: SI | I12: SI | J12: SI | K12: SI
B14: =+'OFERTA ECONOMICA'!H3 -> LABORATORIOS DE METROLOGIA SIGMA SAS
B15: No. | C15: Condiciones de preparación previa del equipo | D15: Requisitos para la manipulación interna y externa | E15: Condiciones de embalaje y protección | F15: Especificaciones del transporte | G15: Condiciones de almacenamiento en las instalaciones del proveedor | H15: Gestión de riesgos | I15: Responsabilidad y seguros | J15: Registro documental | K15: CUMPLE (SI/NO) | L15: Observaciones
B16: 1 | C16: SI | D16: SI | E16: SI | F16: SI | G16: SI | H16: SI | I16: SI | J16: SI | K16: SI
B18: =+'OFERTA ECONOMICA'!I3 -> CONAMET S.A.S
B19: No. | C19: Condiciones de preparación previa del equipo | D19: Requisitos para la manipulación interna y externa | E19: Condiciones de embalaje y protección | F19: Especificaciones del transporte | G19: Condiciones de almacenamiento en las instalaciones del proveedor | H19: Gestión de riesgos | I19: Responsabilidad y seguros | J19: Registro documental | K19: CUMPLE (SI/NO) | L19: Observaciones
B20: 1 | C20: SI | D20: SI | E20: SI | F20: SI | G20: SI | H20: SI | I20: SI | J20: SI | K20: SI
B22: =+'OFERTA ECONOMICA'!J3 -> SET Y GAD SAS.
B23: No. | C23: Condiciones de preparación previa del equipo | D23: Requisitos para la manipulación interna y externa | E23: Condiciones de embalaje y protección | F23: Especificaciones del transporte | G23: Condiciones de almacenamiento en las instalaciones del proveedor | H23: Gestión de riesgos | I23: Responsabilidad y seguros | J23: Registro documental | K23: CUMPLE (SI/NO) | L23: Observaciones
B24: 1 | C24: SI | D24: SI | E24: SI | F24: SI | G24: SI | H24: SI | I24: SI | J24: SI | K24: SI

Sheet ACREDITACIÓN ONAC
B2: =+'OFERTA ECONOMICA'!E3 -> UNION TEMPORAL ARCADIA
B3: No. | C3: Numero de certificado de acreditación | D3: Magnitud acreditada | E3: Vigencia del alcance | F3: Nombre del laboratorio que prestara los servicios de calibración | G3: CUMPLE (SI/NO) | H3: Observaciones
B5: 1 | C5: 16-LAC-023 | D5: VOLUMEN | E5: 47442 | F5: INGOBAR METROLOGÍA S.A.S. | G5: SI
B7: =+'OFERTA ECONOMICA'!F3 -> INSTRUMENTACION Y METROLOGIA S,A,S
B8: No. | C8: Numero de certificado de acreditación | D8: Magnitud acreditada | E8: Vigencia del alcance | F8: Nombre del laboratorio que prestara los servicios de calibración | G8: CUMPLE (SI/NO) | H8: Observaciones
C10: 17-LAC-009 | D10: VOLUMEN | E10: 47954 | F10: METRONIKA S.A.S. | G10: SI
B12: =+'OFERTA ECONOMICA'!G3 -> CREACIONES Y SUMINISTROS SAS
B13: No. | C13: Numero de certificado de acreditación | D13: Magnitud acreditada | E13: Vigencia del alcance | F13: Nombre del laboratorio que prestara los servicios de calibración | G13: CUMPLE (SI/NO) | H13: Observaciones
B15: 1 | C15: 19-LAC-013 | D15: VOLUMEN | E15: 47101 | F15: CREACIONES Y SUMINISTROS S.A.S | G15: SI
B17: =+'OFERTA ECONOMICA'!H3 -> LABORATORIOS DE METROLOGIA SIGMA SAS
B18: No. | C18: Numero de certificado de acreditación | D18: Magnitud acreditada | E18: Vigencia del alcance | F18: Nombre del laboratorio que prestara los servicios de calibración | G18: CUMPLE (SI/NO) | H18: Observaciones
B20: 1 | C20: 11-LAC-001 | D20: VOLUMEN | E20: 47327 | F20: SIGMA SAS | G20: SI
B22: =+'OFERTA ECONOMICA'!I3 -> CONAMET S.A.S
B23: No. | C23: Numero de certificado de acreditación | D23: Magnitud acreditada | E23: Vigencia del alcance | F23: Nombre del laboratorio que prestara los servicios de calibración | G23: CUMPLE (SI/NO) | H23: Observaciones
C25: 09-LAC-008 | D25: VOLUMEN | E25: 46674 | F25: CONAMET | G25: SI
B27: =+'OFERTA ECONOMICA'!J3 -> SET Y GAD SAS.
B28: No. | C28: Numero de certificado de acreditación | D28: Magnitud acreditada | E28: Vigencia del alcance | F28: Nombre del laboratorio que prestara los servicios de calibración | G28: CUMPLE (SI/NO) | H28: Observaciones
C30: 18-LAC-004 | D30: VOLUMEN | E30: 46358 | F30: SET Y GAD | G30: SI

Sheet CARTA COMPRO.
B2: =+'OFERTA ECONOMICA'!E3 -> UNION TEMPORAL ARCADIA
B3: No. | C3: SERVICIOS | D3: Area o proveedor encargado del servicio | E3: ¿El proveedor subcontratado firma la carta de la alianza? | F3: ¿El proponente manifiesta responsabilidad de servicios subcontratados? | G3: No. De acreditación ONAC | H3: Nombre del personal que prestara los servicios | I3: CUMPLE (SI/NO) | J3: Observaciones
B5: 1 | C5: Mantenimiento + Verificación metrologica | D5: Proveedor PROVEO SAS | E5: Union temporal ARCADIA | F5: NA | G5: No aplica | H5: Jonattan Smith Barrera Anderson David González Jessica Viviana Pinzón | I5: SI
B6: 2 | C6: Calibración | D6: Proveedor INGOBAR Metrología S.A.S. | E6: Union temporal ARCADIA | F6: NA | G6: 16-LAC-023 | H6: Jhon Sebastián Rocha Pachón Andrés Felipe Barón Ospina Estefania Aldana Bareño
B8: =+'OFERTA ECONOMICA'!F3 -> INSTRUMENTACION Y METROLOGIA S,A,S
B9: No. | C9: SERVICIOS | D9: Area o proveedor encargado del servicio | E9: ¿El proveedor subcontratado firma la carta de la alianza? | F9: ¿El proponente manifiesta responsabilidad de servicios subcontratados? | G9: No. De acreditación ONAC | H9: Nombre del personal que prestara los servicios | I9: CUMPLE (SI/NO) | J9: Observaciones
B11: 1 | C11: Mantenimiento + Verificación metrologica | D11: INSTRUMENTACIÓN SAS. | E11: No aplica | F11: NO | G11: No aplica | H11: Edna Madgaly Portela Ortiz Andres Gerardo Guerrero Galindo Edgar Favian Martinez Martinez | I11: SI
B12: 2 | C12: Calibración | D12: METRONIKA S.A.S. | E12: SI | F12: SI | G12: 17-LAC-009 | H12: Astrid Lorena Tangarife G. Helen Jineth Robelto Suarez Mychell Guevara Giraldo
B14: =+'OFERTA ECONOMICA'!G3 -> CREACIONES Y SUMINISTROS SAS
B15: No. | C15: SERVICIOS | D15: Area o proveedor encargado del servicio | E15: ¿El proveedor subcontratado firma la carta de la alianza? | F15: ¿El proponente manifiesta responsabilidad de servicios subcontratados? | G15: No. De acreditación ONAC | H15: Nombre del personal que prestara los servicios | I15: CUMPLE (SI/NO) | J15: Observaciones
B17: 1 | C17: Mantenimiento + Verificación metrologica | D17: VIDCOL S.A.S | E17: No aplica | F17: SI | G17: No aplica | H17: John Fredy Montoya Arias Adrian Felipe Sanchez Tapia Andres Camilo Gomez Arias | I17: SI
B18: 2 | C18: Calibración | D18: CREACIONES Y SUMINISTROS S.A.S | E18: SI | F18: SI | G18: 19-LAC-013 | H18: Claudia Milena Montoya Maria Fernanda Sanchez Andrea Carolina Curtidor
B20: =+'OFERTA ECONOMICA'!H3 -> LABORATORIOS DE METROLOGIA SIGMA SAS
B21: No. | C21: SERVICIOS | D21: Area o proveedor encargado del servicio | E21: ¿El proveedor subcontratado firma la carta de la alianza? | F21: ¿El proponente manifiesta responsabilidad de servicios subcontratados? | G21: No. De acreditación ONAC | H21: Nombre del personal que prestara los servicios | I21: CUMPLE (SI/NO) | J21: Observaciones
B23: 1 | C23: Mantenimiento + Verificación metrologica | D23: QUINTECHNOLOGY S.A.S | E23: SI | F23: SI | G23: N/A | H23: Janneth Quintero Naicipa Javier Quintero Naicipa Norbey Marin Moreno | I23: SI
B24: 2 | C24: Calibración | D24: SIGMA | E24: No aplica | F24: SI | G24: 11-LAC-001 | H24: John Alberto León Ramiréz Alejandra Forero Rosas Cristian Felipe Gonzáñez Gutiérrez
B26: =+'OFERTA ECONOMICA'!I3 -> CONAMET S.A.S
B27: No. | C27: SERVICIOS | D27: Area o proveedor encargado del servicio | E27: ¿El proveedor subcontratado firma la carta de la alianza? | F27: ¿El proponente manifiesta responsabilidad de servicios subcontratados? | G27: No. De acreditación ONAC | H27: Nombre del personal que prestara los servicios | I27: CUMPLE (SI/NO) | J27: Observaciones
B29: 1 | C29: Mantenimiento + Verificación metrologica | D29: CEINTEC | E29: SI | F29: SI | G29: N/A | H29: María Fernanda Villalobos Uilson Antonio Gómez Daniel Eduardo Castro | I29: SI
B30: 2 | C30: Calibración | D30: CONAMET S.A.S | E30: No aplica | F30: SI | G30: 09-LAC-008 | H30: Diana Forero Ardila William Frey Castelblanco William Sebastian Gonzalez
B32: =+'OFERTA ECONOMICA'!J3 -> SET Y GAD SAS.
B33: No. | C33: SERVICIOS | D33: Area o proveedor encargado del servicio | E33: ¿El proveedor subcontratado firma la carta de la alianza? | F33: ¿El proponente manifiesta responsabilidad de servicios subcontratados? | G33: No. De acreditación ONAC | H33: Nombre del personal que prestara los servicios | I33: CUMPLE (SI/NO) | J33: Observaciones
B35: 1 | C35: Mantenimiento + Verificación metrologica | D35: SET Y GAD S.A.S | E35: No aplica | F35: SI | G35: No aplica | H35: Nicolas Ulloa Sierra Alejandro Medina Castro Anderson Sanchez Lozada | I35: SI
B36: 2 | C36: Calibración | D36: SET Y GAD S.A.S | E36: No aplica | F36: SI | G36: 18-LAC-004 | H36: Leydi Morales Gordillo Lisa Maria Aponte Paula Jeneth Guerrero

Sheet CAPACIDAD INSTALADA
B2: =+'OFERTA ECONOMICA'!E3 -> UNION TEMPORAL ARCADIA
B3: No. | C3: Capacidad instalada (300) equipos | D3: Capacidad mensual | E3: CUMPLE (SI/NO) | F3: Observaciones
B4: 1 | C4: SI | D4: PROVEO SAS: 400 equipos/mes Proveedor INGOBAR Metrología S.A.S: 320 equipos/mes | E4: SI
B6: =+'OFERTA ECONOMICA'!F3 -> INSTRUMENTACION Y METROLOGIA S,A,S
B7: No. | C7: Capacidad instalada (300) equipos | D7: Capacidad mensual | E7: CUMPLE (SI/NO) | F7: Observaciones
B8: 1 | C8: SI | D8: Instrumentación y Metrología S.A.S: 300 equipos/mes Metronika S.A.S: 480 equipos/mes | E8: SI
B10: =+'OFERTA ECONOMICA'!G3 -> CREACIONES Y SUMINISTROS SAS
B11: No. | C11: Capacidad instalada (300) equipos | D11: Capacidad mensual | E11: CUMPLE (SI/NO) | F11: Observaciones
B12: 1 | C12: SI | D12: Vidcol S.A.S: 400 equipos/mes Creaciones y suministros S.A.S.: 327 equipos/mes | E12: SI
B14: =+'OFERTA ECONOMICA'!H3 -> LABORATORIOS DE METROLOGIA SIGMA SAS
B15: No. | C15: Capacidad instalada (300) equipos | D15: Capacidad mensual | E15: CUMPLE (SI/NO) | F15: Observaciones
B16: 1 | C16: SI | D16: Quintechnology S.A.S: 528 equipos/mes SIGMA: 300 equipos/mes | E16: SI
B18: =+'OFERTA ECONOMICA'!I3 -> CONAMET S.A.S
B19: No. | C19: Capacidad instalada (300) equipos | D19: Capacidad mensual | E19: CUMPLE (SI/NO) | F19: Observaciones
B20: 1 | C20: SI | D20: CEINTEC:300 equipos/mes CONAMET S.A.S: 300 equipos/mes | E20: SI
B22: =+'OFERTA ECONOMICA'!J3 -> SET Y GAD SAS.
B23: No. | C23: Capacidad instalada (300) equipos | D23: Capacidad mensual | E23: CUMPLE (SI/NO) | F23: Observaciones
B24: 1 | C24: SI | D24: SET Y GAD S.A.S: 308 equipos/mes | E24: SI

Sheet CONSOLIDADO
B2: REQUISITOS TECNICOS HABILITANTES | M2: HABILITADO /NO HABILITADO | N2: FACTORES PONDERABLES | V2: PUNTAJE TOTAL
B3: No. | C3: OFERTAS | E3: EXPERIENCIA | F3: PROTOCOLOS OCM Y PLA. | G3: CERTIFICADOS DE CALIBRACIÓN | H3: EQUIPO DE TRABAJO | I3: PROTOCOLO DE TRANSPORTE | J3: ACREDITACIÓN ONAC | K3: INDEPENDENCIA SERVICIOS | L3: CAPACIDAD INSTALADA | N3: Capacitación a personal INS | O3: Personal adicional | P3: Verificaciones adicionales | Q3: FACTOR ECONOMICO | R3: FACTOR INDUSTRIA NACIONAL | S3: Participación Emprendimientos y empresas mujeres | T3: Criterio diferencial para MiPymes | U3: Incentivo personas con discapacidad
E4: CUMPLIMIENTO DE REQUISITOS HABILITANTES | N4: FACTOR TÉCNICO
B5: 1 | C5: =+'OFERTA ECONOMICA'!E3 -> UNION TEMPORAL ARCADIA | D5: =+'OFERTA ECONOMICA'!E4 -> 496594550 | E5: Cumple | F5: Cumple | G5: No cumple | H5: Cumple | I5: Cumple | J5: Cumple | K5: Cumple | L5: Cumple | M5: No habilitado | N5: 0 | O5: 0 | P5: 0 | Q5: 0 | R5: 0 | S5: 0 | T5: 0 | U5: 0 | V5: =SUM(N5:U5) -> 0
B6: 2 | C6: =+'OFERTA ECONOMICA'!F3 -> INSTRUMENTACION Y METROLOGIA S,A,S | D6: =+'OFERTA ECONOMICA'!F4 -> 426451421 | E6: Cumple | F6: No cumple | G6: No cumple | H6: No cumple | I6: No cumple | J6: Cumple | K6: Cumple | L6: Cumple | M6: No habilitado | N6: 0 | O6: 0 | P6: 0 | Q6: 0 | R6: 0 | S6: 0 | T6: 0 | U6: 0 | V6: =SUM(N6:U6) -> 0
B7: 3 | C7: =+'OFERTA ECONOMICA'!G3 -> CREACIONES Y SUMINISTROS SAS | D7: =+'OFERTA ECONOMICA'!G4 -> 500024910 | E7: Cumple | F7: Cumple | G7: Cumple | H7: Cumple | I7: Cumple | J7: Cumple | K7: Cumple | L7: Cumple | M7: Habilitado | N7: 20 | O7: 10 | P7: 20 | Q7: 34.86 | R7: 10 | S7: 0.25 | T7: 0.25 | U7: 0 | V7: =SUM(N7:U7) -> 95.36
B8: 4 | C8: =+'OFERTA ECONOMICA'!H3 -> LABORATORIOS DE METROLOGIA SIGMA SAS | D8: =+'OFERTA ECONOMICA'!H4 -> 550501828 | E8: Cumple | F8: Cumple | G8: Cumple | H8: Cumple | I8: Cumple | J8: Cumple | K8: Cumple | L8: Cumple | M8: Habilitado | N8: 20 | O8: 10 | P8: 20 | Q8: 35.74 | R8: 10 | S8: 0 | T8: 0 | U8: 0 | V8: =SUM(N8:U8) -> 95.74
B9: 5 | C9: =+'OFERTA ECONOMICA'!I3 -> CONAMET S.A.S | D9: =+'OFERTA ECONOMICA'!I4 -> 527615316 | E9: Cumple | F9: Cumple | G9: Cumple | H9: No cumple | I9: Cumple | J9: Cumple | K9: Cumple | L9: Cumple | M9: No habilitado | N9: 0 | O9: 0 | P9: 0 | Q9: 0 | R9: 0 | S9: 0 | T9: 0 | U9: 0 | V9: =SUM(N9:U9) -> 0
B10: 6 | C10: =+'OFERTA ECONOMICA'!J3 -> SET Y GAD SAS. | D10: =+'OFERTA ECONOMICA'!J4 -> 473143000 | E10: Cumple | F10: No cumple | G10: Cumple | H10: No cumple | I10: Cumple | J10: Cumple | K10: Cumple | L10: Cumple | M10: No habilitado | N10: 0 | O10: 0 | P10: 0 | Q10: 0 | R10: 0 | S10: 0 | T10: 0 | U10: 0 | V10: =SUM(N10:U10) -> 0
B12: CONCLUSIÓN DEL PROCESO | K12: FECHA: | L12: 46157 | N12: DEFINICIÓN DEL GANADOR DEL PROCESO
B13: De las seis (6) propuestas presentadas en el proceso de selección, se le solicito a todos los proponentes que no cumplian técnicamente con lo requerido por el INS, la subsanación de documentos en el cumplimiento de los requsitos habilitantes tecnicos, al llegar la fecha establecida para la recepción de los mismos, solo los proveedores CONAMET, UT ARCADIA, CREACIONES Y SUMINISTROS, SIGMA y SET Y GAD presentaron subsanación de lo requerido por el area técnica. | N13: Una vez efectuado el cierre del proceso y recibidas las ofertas presentadas por los distintos proponentes, se procedió a la verificación del cumplimiento de los requisitos habilitantes técnicos, economicos y de experiencia, conforme a lo establecido en el Pliego de Condiciones Definitivo. Como resultado de dicha verificación, únicamente las ofertas presentadas por CREACIONES Y SUMINISTROS S.A.S. y LABORATORIO DE METROLOGÍA SIGMA S.A.S. cumplieron en su totalidad con los requisitos habilitantes exigidos, razón por la cual fueron declaradas ofertas válidas (habilitadas) y pasaron a la etapa de evaluación de los factores ponderables. Posteriormente, se realizó la asignación de puntajes correspondientes a cada uno de los factores de evaluación definidos en el pliego, entre ellos: factor técnico, factor económico, factor industria nacional y demás criterios de ponderación, aplicando para cada caso las fórmulas, rangos y parámetros establecidos. En relación con el factor económico, el puntaje fue asignado mediante el método de “Media Aritmetica Alta”, otorgando el mayor puntaje a la oferta de mas cercana a la media aritmetica alta establecida y ponderando las ofertas de manera proporcional, conforme a la fórmula prevista en el Pliego de Condiciones. En este sentido, la oferta presentada por LABORATORIO DE METROLOGÍA SIGMA S.A.S, con un valor de QUINIENTOS CINCUENTA MILLONES QUINIENTOS UN MIL OCHOCIENTOS VEINTIOCHO PESOS ($550.501.828), obtuvo el puntaje máximo asignado para este factor. Como resultado de la evaluación integral de los factores ponderables, se obtuvieron los siguientes puntajes totales: CREACIONES Y SUMINISTROS S.A.S.: 95,36 puntos LABORATORIO DE METROLOGÍA SIGMA S.A.S: 95,74 puntos En virtud de lo anterior, y de conformidad con los resultados obtenidos en el proceso de evaluación, se establece que la oferta presentada por LABORATORIO DE METROLOGÍA SIGMA S.A.S. es la que obtiene el mayor puntaje total, por lo cual se recomienda adjudicar el proceso contractual a dicho proponente, al haber presentado la oferta más favorable para la entidad, en cumplimiento de los criterios técnicos, económicos y normativos definidos en el Pliego de Condiciones Definitivo.
B15: Elaborado por:
B16: ________________________________ EDWIN MELO GONZALEZ Coordinado del Grupo Equipos de Laboratorio y Producción ________________________________ ANGIE PAOLA RODRÍGUEZ GUERRERO Referente Dirección de Redes | E16: ____________________________________ VICTOR ALBERTO GASCA Referente Dirección de Producción ____________________________________ KEVIN MONTOYA VARGAS Contratista Grupo Equipos de Laboratorio y Producción | J16: ____________________________________ GLORIA CECILIA PEÑA MALAVER Referente Dirección de Investigación
